 Dungeon Crawl Stone Soup version 0.28.0-53-g5a82cb258f (webtiles) character file.

Game seed: 3120689270616016155

297 jamesp the Conjurer (level 6, -5/45 HPs)
             Began as a Draconian Conjurer on July 29, 2022.
             Was a Follower of Vehumet.
             Slain by Edmund
             ... wielding a +1 vorpal flail
              (10 damage)
             ... on level 3 of the Dungeon.
             The game lasted 00:13:38 (3715 turns).

jamesp the Conjurer (Draconian Conjurer)            Turns: 3715, Time: 00:13:38

Health: -5/45      AC:  7    Str:  9    XL:     6   Next: 12%
Magic:  4/9        EV: 12    Int: 20    God:    Vehumet [*.....]
Gold:   72         SH:  0    Dex: 10    Spells: 6/9 levels left

rFire   + . .      SeeInvis .   b - +2 dagger (elec)
rCold   . . .      Faith    .   (no shield)
rNeg    + . .      Spirit   .   (armour unavailable)
rPois   .          Reflect  .   (helmet restricted)
rElec   .          Harm     .   (no cloak)
rCorr   .          Rampage  .   u - +0 pair of gloves
Will    .....                   (no boots)
Stlth   ++........              (no amulet)
HPRegen 0.15/turn               l - ring of positive energy
MPRegen 0.11/turn               w - ring of protection from fire

@: no status effects
A: AC +6, unfitting armour, cold-blooded
a: Renounce Religion


You were on level 3 of the Dungeon.
You worshipped Vehumet.
Vehumet was aware of your devotion.
You visited 1 branch of the dungeon, and saw 4 of its levels.

You collected 72 gold pieces.

Inventory:

Hand Weapons
 a - a +0 dagger
 b - a +2 dagger of electrocution (weapon)
Missiles
 c - 190 stones
 d - 59 arrows
 j - 39 sling bullets
 p - 13 poisoned darts
 v - 6 datura-tipped darts
Armour
 u - a +0 pair of gloves (worn)
Jewellery
 l - a ring of positive energy (left hand)
 w - a ring of protection from fire (right hand)
Scrolls
 e - 5 scrolls of identify {unknown}
 h - a scroll of fear {unknown}
 k - a scroll of enchant weapon {unknown}
 m - 2 scrolls of blinking {unknown}
 n - a scroll of vulnerability {unknown}
 o - a scroll of magic mapping {unknown}
Potions
 f - 3 potions of curing {unknown}
 g - a potion of berserk rage {unknown}
 i - a potion of heal wounds {unknown}
 q - a potion of attraction {unknown}
 r - a potion of might {unknown}
 s - a potion of degeneration {unknown}
 t - a potion of flight {unknown}


   Skills:
 + Level 3.1 Short Blades
 + Level 3.7 Dodging
 - Level 1.7 Stealth
 - Level 2.1 Spellcasting
 + Level 5.3 Conjurations


You had 6 spell levels left.
You knew the following spells:

 Your Spells              Type           Power      Damage    Failure   Level
a - Magic Dart            Conj           92%        1d7       1%          1
b - Searing Ray           Conj           46%        2d6       2%          2

Your spell library contained the following spells:

 Spells                   Type           Power      Damage    Failure   Level
 Freeze                   Ice            8%         1d3       16%         1
 Animate Skeleton         Necr           4%         N/A       16%         1
 Pain                     Necr           8%         1d4       16%         1
 Dazzling Flash           Conj/Hex       24%        N/A       16%         3
 Mephitic Cloud           Conj/Pois/Air  9%         N/A       22%         3
 Corpse Rot               Necr/Air       4%         N/A       24%         2
 Poisonous Vapours        Pois/Air       4%         N/A       24%         2
 Ignite Poison            Fire/Tmut/Pois 2%         N/A       43%         3
 Vampiric Draining        Necr           2%         2d6       43%         3
 Fulminant Prism          Conj/Hex       6%         3d7       45%         4
 Iskenderun's Mystic Bla  Conj/Tloc      12%        2d5       45%         4
 Freezing Cloud           Conj/Ice/Air   4%         6-21      91%         5


Dungeon Overview and Level Annotations

Branches:
Dungeon (4/15)
 Temple: D:4-7

Altars:
Cheibriados
Hepliaklqana
Vehumet
Wu Jian

Annotations:
D:3 Edmund
D:4 Dowan, Duvessa


Innate Abilities, Weirdness & Mutations

Your plain brown scales are hard. (AC +6)
You cannot fit into any form of body armour.
You are cold-blooded and may be slowed by cold attacks.


Message History

There is a stone staircase leading up here.
Casting: Searing Ray (safe; 2% risk of failure)
Confirm with . or Enter, or press ? or * to list all spells.
Aiming: Magic Dart (safe; 1% risk of failure)
Press: ? - help, Shift-Dir - straight line, f - Edmund
Aim: Edmund, wielding a +1 vorpal flail and wearing a +0 scale mail (100% to hit)
The magic dart hits Edmund but does no damage.
Edmund says, "I might not be good at magic, but I can still kill you!"
Casting: Magic Dart (safe; 1% risk of failure)
Confirm with . or Enter, or press ? or * to list all spells.
Aiming: Searing Ray (safe; 2% risk of failure)
Press: ? - help, Shift-Dir - straight line, f/p - Edmund
Aim: Edmund, wielding a +1 vorpal flail and wearing a +0 scale mail (81% to hit)
Okay, then.
Edmund hits you with a +1 vorpal flail!
You climb upwards.
There is a stone staircase leading down here.
Things that are here:
a +0 mace; an iguana skeleton; an orc skeleton
Casting: Searing Ray (safe; 2% risk of failure)
Confirm with . or Enter, or press ? or * to list all spells.
Aiming: Searing Ray (safe; 2% risk of failure)
Press: ? - help, Shift-Dir - straight line, f - Edmund
Aim: Edmund, wielding a +1 vorpal flail and wearing a +0 scale mail (81% to hit)
The searing ray hits Edmund.
Edmund is lightly wounded. (Press . to maintain the ray.) Edmund hits you with a +1 vorpal flail!
The searing ray hits Edmund.
Edmund is lightly wounded.
Edmund barely misses you.
The searing ray hits Edmund.
Edmund is moderately wounded.
Edmund hits you with a +1 vorpal flail!
* * * LOW HITPOINT WARNING * * *
x2 The searing ray hits Edmund.
Edmund is moderately wounded.
You finish channelling your searing ray.
Edmund hits you with a +1 vorpal flail!
You die...

### ####.## #####.#.#.##
#......###.########## ###
#..>..## ##.......... ##.##
#.##...###..##.......
#.#.###)###.#.#.#.##..####.
#'##.....@@....##.##..# #.
##.#####)###.#..##.##..# ##.
#8.8# #.###'#..##.###.###..
#####.##
#........##.##......_
##..##.##
###.....###.##..###..
##.###8.8# ##>......##.....#
##. #.##
##.#####......)..###...# #.
..#
##.##..'.........+.....####.
#.#
#8.8####.........###........


You could see Edmund.

Vanquished Creatures
  A scorpion (D:4)
  A hound (D:2)
  Terence (D:3)
  An iguana (D:3)
  A gnoll (D:1)
  4 adders
  2 adder skeletons (D:4)
  3 dart slugs
  A worm (D:3)
  6 orcs
  4 ball pythons
  15 endoplasms
  A giant cockroach (D:1)
  4 goblins
  9 hobgoblins
  7 jackals
  6 quokkas (D:2)
  5 bats
  A frilled lizard (D:1)
  7 kobolds
  6 rats
86 creatures vanquished.

Notes
Turn   | Place    | Note
-------+----------+-------------------------------------------
     0 | D:1      | jamesp the Draconian Conjurer began the quest for the Orb.
     0 | D:1      | Reached XP level 1. HP: 14/14 MP: 3/3
   219 | D:1      | Reached XP level 2. HP: 20/20 MP: 1/5
   497 | D:1      | Reached skill level 1 in Short Blades
   741 | D:2      | Reached XP level 3. HP: 23/26 MP: 1/6
   851 | D:2      | Reached XP level 4. HP: 33/33 MP: 2/7
  1044 | D:2      | Found a radiant altar of Vehumet.
  1114 | D:2      | Became a worshipper of Vehumet
  1233 | D:1      | Found a faded altar of an unknown god.
  2277 | D:3      | Noticed Terence
  2290 | D:3      | Killed Terence
  2291 | D:3      | Reached XP level 5. HP: 24/38 MP: 0/8
  2484 | D:3      | Found a snail-covered altar of Cheibriados.
  2496 | D:3      | Reached skill level 5 in Conjurations
  2516 | D:4      | Noticed Duvessa
  2516 | D:4      | Noticed Dowan
  2516 | D:4      | Noticed an ogre
  2631 | D:3      | Learned a level 2 spell: Searing Ray
  2656 | D:3      | Found an ornate altar of the Wu Jian Council.
  3455 | D:3      | Reached * piety under Vehumet
  3455 | D:3      | Offered knowledge of Freeze by Vehumet.
  3647 | D:4      | Reached XP level 6. HP: 45/45 MP: 4/9
  3657 | D:4      | Found a hazy altar of Hepliaklqana.
  3669 | D:4      | Noticed Edmund
  3715 | D:3      | Slain by Edmund

Illustrated notes

Levels and vault maps discovered:
D:1:      lightli_arrival_windingriver, layout_loops_ring,
          dilly_ecumenical_altar_fadedgnrine
D:2:      layout_loops_cross, basic_altar
D:3:      layout_loops_corners, nicolae_overflow_crystal_walls,
          nzn_wu_jian_contemplation, serial_rivers,
          chequers_serial_rivers_small_b, chequers_serial_rivers_large_a,
          chequers_serial_rivers_room_a, chequers_serial_rivers_room_b,
          chequers_serial_rivers_large_b, chequers_serial_rivers_micro_b,
          dk_noncrumbling_2, uniq_terence
D:4:      layout_cave_pools, mainiacjoe_overflow_small_starburst,
          palyth_stone_intersect, minmay_manual_moon, uniq_duvessa, uniq_edmund

Skill      XL: |  1  2  3  4  5 |
---------------+----------------+-----
Dodging        | 2 3 |  3.7
Short Blades   | 1 2 3 |  3.1
Conjurations   | 5 |  5.3
Stealth        | |  1.7
Spellcasting   | |  2.1

Action                   |  1- 3 |  4- 6 || total
-------------------------+-------+-------++-------
Melee: Unarmed           |     8 |       ||     8
       Dagger            |    37 |   128 ||   165
       Tailslap          |     9 |    16 ||    25
       Punch             |       |     2 ||     2
 Cast: Magic Dart        |    30 |    33 ||    63
       Searing Ray       |       |     5 ||     5
 Stab: Sleeping          |     1 |     4 ||     5
Armor: Skin              |    16 |    48 ||    64
Dodge: Dodged            |    29 |    81 ||   110
